 Dungeon Crawl Stone Soup version 0.22.0-18-ge075c0d (webtiles) character file.

215 Faca the Spear-Bearer (level 5, -11/42 HPs)
             Began as a Merfolk Gladiator on Aug 18, 2018.
             Mangled by an ogre
             ... wielding a cursed -3 giant spiked club
              (17 damage)
             ... on level 4 of the Dungeon.
             The game lasted 00:05:09 (2265 turns).

Faca the Spear-Bearer (Merfolk Gladiator)           Turns: 2265, Time: 00:05:09

Health: -11/42     AC:  9    Str: 15    XL:     5   Next: 92%
Magic:  5/5        EV: 11    Int:  8    God:
Gold:   187        SH:  0    Dex: 15    Spells: 4/4 levels left

rFire    . . .     SeeInvis +   a - +0 trident
rCold    + . .     Gourm    .   (no shield)
rNeg     . . .     Faith    .   u - +0 scale mail {rC+}
rPois    .         Spirit   .   l - +2 helmet
rElec    .         Reflect  .   (no cloak)
rCorr    .         Harm     .   (no gloves)
MR       .....                  (no boots)
Stlth    ..........             (no amulet)
HPRegen  0.14/turn              q - ring of see invisible
MPRegen  0.09/turn              (no ring)

@: no status effects
A: change form in water, swift swim, stealthy swim
a: no special abilities


You were on level 4 of the Dungeon.
You were not hungry.

You visited 1 branch of the dungeon, and saw 4 of its levels.

You collected 187 gold pieces.

Inventory:

Hand Weapons
 a - a +0 trident (weapon)
Missiles
 b - 10 javelins
 d - 3 throwing nets (quivered)
Armour
 k - a +0 ring mail
 l - a +2 helmet (worn)
 u - a +0 scale mail of cold resistance (worn)
Jewellery
 q - a ring of see invisible (left hand)
 s - an uncursed amulet of magic regeneration {unknown}
Wands
 r - a wand of flame (23)
Scrolls
 c - 2 scrolls of magic mapping {unknown}
 h - 6 scrolls of identify {unknown}
 i - 2 scrolls of enchant weapon {unknown}
 j - 2 scrolls of teleportation {unknown}
 m - 2 scrolls of remove curse {unknown}
 t - 2 scrolls of enchant armour {unknown}
 v - a scroll of random uselessness {unknown}
 w - a scroll of immolation {unknown}
Potions
 e - 4 potions of curing {unknown}
 g - a potion of agility {unknown}
 n - 2 potions of brilliance {unknown}
 o - a potion of magic {unknown}
 p - a potion of haste {unknown}
Comestibles
 f - 2 rations


   Skills:
 + Level 4.1 Fighting
 + Level 8.0 Polearms
 - Level 2.0 Throwing
 + Level 0.0 Armour
 - Level 4.0 Dodging


You had 4 spell levels left.
You didn't know any spells.
Your spell library was empty.

Dungeon Overview and Level Annotations

Branches:
Dungeon (4/15)
 Temple: D:4-7

Altars:
Elyvilon
Gozag
Nemelex Xobeh
Qazlal
Ru
Vehumet
Wu Jian


Message History

The ogre is moderately wounded.
The ogre hits you with a giant spiked club!!
* * * LOW HITPOINT WARNING * * *
You hit the ogre but do no damage.
The ogre is moderately wounded.
You closely miss the ogre.
The ogre is moderately wounded.
The ogre barely misses you.
You hit the ogre.
The ogre is heavily wounded.
The ogre barely misses you.
You closely miss the ogre.
The ogre is heavily wounded.
You hit the ogre.
The ogre is severely wounded.
The ogre barely misses you.
You hit the ogre.
The ogre is severely wounded.
The ogre hits you with a giant spiked club!
You die...

. ######. . .......
. ....... . ......#
. ......# . ......#
. ######......# .
#.@O........# .
#.########### . #.#
. #.# . #.# .
#.#################
#.......#.......#..
#######.#.#####.#.#
#...#.#.#...#.#.#


You could see an ogre.

Vanquished Creatures
  A sky beast (D:3)
  Jessica (D:2)
  An adder (D:2)
  An ooze (D:1)
  3 worms
  2 dart slugs (D:1)
  2 leopard geckos
  8 orcs (D:3)
  A ball python (D:1)
  9 giant cockroaches
  4 goblins
  6 hobgoblins
  3 jackals
  A quokka (D:3)
  5 bats
  3 frilled lizards
  4 kobolds
  5 rats
60 creatures vanquished.

Notes
Turn   | Place    | Note
-------+----------+-------------------------------------------
     0 | D:1      | Faca the Merfolk Gladiator began the quest for the Orb.
     0 | D:1      | Reached XP level 1. HP: 16/16 MP: 1/1
     1 | D:1      | Found a runed door.
    12 | D:1      | Reached XP level 2. HP: 18/23 MP: 2/2
    14 | D:1      | Reached skill level 5 in Polearms
   449 | D:1      | Reached XP level 3. HP: 24/28 MP: 3/3
   910 | D:2      | Noticed Jessica
   921 | D:2      | Killed Jessica
   921 | D:2      | Reached skill level 6 in Polearms
   921 | D:2      | Reached XP level 4. HP: 35/35 MP: 4/4
  1166 | D:2      | Found a sacrificial altar of Ru.
  1529 | D:3      | Found an opulent altar of Gozag.
  1674 | D:3      | Noticed a sky beast
  1688 | D:3      | Killed a sky beast
  1688 | D:3      | Reached skill level 7 in Polearms
  1688 | D:3      | Reached XP level 5. HP: 30/42 MP: 5/5
  1921 | D:3      | Found a sparkling altar of Nemelex Xobeh.
  1922 | D:3      | Found an ornate altar of the Wu Jian Council.
  1922 | D:3      | Found an opulent altar of Gozag.
  2013 | D:3      | Found a radiant altar of Vehumet.
  2013 | D:3      | Found a sacrificial altar of Ru.
  2015 | D:3      | Found a white marble altar of Elyvilon.
  2015 | D:3      | Found a stormy altar of Qazlal.
  2140 | D:4      | Reached skill level 8 in Polearms
  2249 | D:4      | Noticed an ogre
  2265 | D:4      | Mangled by an ogre

Skill      XL: |  1  2  3  4  5 |
---------------+----------------+-----
Polearms       | 5 6 7 8 |  8.0
Fighting       | 3 4 |  4.1
Throwing       | |  2.0
Dodging        | |  4.0

Action                   |  1- 3 |  4- 6 || total
-------------------------+-------+-------++-------
Melee: Trident           |    66 |   121 ||   187
 Stab: Sleeping          |     1 |       ||     1
  Eat: Ration            |       |     2 ||     2
Armor: Leather armour    |    10 |       ||    10
       Ring mail         |     3 |    29 ||    32
       Scale mail        |       |     1 ||     1
Dodge: Dodged            |    33 |    39 ||    72
